 Dungeon Crawl Stone Soup version 0.26-a0-376-g13fbb91ece (webtiles) character file.

Game seed: 10150758975648805566

1215 RedPan the Chopper (level 8, -7/62 HPs)
             Began as a Palentonga Abyssal Knight on July 20, 2020.
             Was a Priest of Lugonu.
             Mangled by an orc warrior
             ... wielding a +0 trident
              (18 damage)
             ... on level 6 of the Dungeon.
             The game lasted 00:11:00 (7658 turns).

RedPan the Chopper (Palentonga Abyssal Knight)      Turns: 7658, Time: 00:11:00

Health: -7/62      AC: 10    Str: 18    XL:     8   Next: 22%
Magic:  10/11      EV:  3    Int: 12    God:    Lugonu [***...]
Gold:   261        SH:  0    Dex: 10    Spells: 7/7 levels left

rFire    . . .     SeeInvis +   a - +2 hand axe
rCold    . . .     Faith    .   (no shield)
rNeg     + . .     Spirit   .   l - +0 plate armour
rPois    .         Reflect  .   (no helmet)
rElec    .         Harm     .   (no cloak)
rCorr    .                      p - +0 pair of gloves
MR       .....                  (boots restricted)
Stlth    ..........             (no amulet)
HPRegen  0.20/turn              b - ring of positive energy
MPRegen  0.12/turn              (no ring)

@: very slightly contaminated, invisible
A: large, rugged brown scales 3, see invisible, deformed body, roll, armoured
tail
a: Rolling Charge, Depart the Abyss, Bend Space, Banish, Renounce Religion


You were on level 6 of the Dungeon.
You worshipped Lugonu.
Lugonu was most pleased with you.
You visited 1 branch of the dungeon, and saw 6 of its levels.
You visited the Abyss 1 time.

You collected 261 gold pieces.

Inventory:

Hand Weapons
 a - a +2 hand axe (weapon)
 m - a +0 war axe
Armour
 l - a +0 plate armour (worn)
 p - a +0 pair of gloves (worn)
Jewellery
 b - a ring of positive energy (left hand)
Scrolls
 d - 5 scrolls of identify
 e - 3 scrolls of enchant weapon
 g - a scroll of remove curse
 i - a scroll of teleportation
 o - a scroll of fear
Potions
 c - a potion of invisibility
 f - 2 potions of curing
 j - 2 potions of brilliance
 k - 3 potions of flight
 q - a potion of stabbing


   Skills:
 - Level 3.4 Fighting
 * Level 7.7 Axes
 + Level 3.9 Armour
 - Level 1.0 Dodging
 + Level 5.1 Invocations


You had 7 spell levels left.
You didn't know any spells.
Your spell library contained the following spells:

 Spells                   Type           Power        Failure   Level
 Sting                    Tmut/Pois      #...         100%        1
 Poisonous Vapours        Pois/Air       #.....       100%        2
 Ignite Poison            Fire/Tmut/Pois #.......     100%        3
 Mephitic Cloud           Conj/Pois/Air  #.......     100%        3
 Olgreb's Toxic Radiance  Pois           #.......     100%        4


Dungeon Overview and Level Annotations

Branches:
Dungeon (6/15)             Temple (0/1) D:6

Altars:
Dithmenos
Elyvilon
Kikubaaqudgha
Nemelex Xobeh
Okawaru
Sif Muna

Shops:
D:5 [


Innate Abilities, Weirdness & Mutations

You are completely covered in rugged brown scales. (AC +3, +7% HP)
You have supernaturally acute eyesight. (SInv)
Armour fits poorly on your strangely shaped body.
You can roll at foes to attack.
You have a long armoured tail.


Message History

The orc warrior is heavily wounded.
The orc warrior hits you but does no damage.
The orc throws a boomerang.
The boomerang hits you but does no damage.
The weapon returns to the orc!
You closely miss the orc warrior.
You tail-slap the orc warrior, but do no damage.
The orc warrior is heavily wounded.
The orc throws a boomerang.
The boomerang hits you but does no damage.
The weapon returns to the orc!
The orc warrior hits you with a +0 trident!
* * * LOW HITPOINT WARNING * * *
You hit the orc warrior.
The orc warrior is heavily wounded.
The orc throws a boomerang.
The boomerang hits you but does no damage.
The weapon returns to the orc!
The orc warrior hits you with a +0 trident!!
You die...

....###....##.....#.#
.....###.#.##..<..#.#####.#
#...........#.....#........
.........#..#######.#######
#...........#.. #.#...#
........##..#.# #.#.#.#
#.....(.....#.# #ยง#.#.#
........###.#.#####.###.#
#.......# #.#...@o......#
........# ######.######.#########
#.....<.####......#...#.#.....#.#
................o)#.#.#)#.###.#..
.#.#.#.#.#..>...))#.#(#.#...#.#.#
..........?.....).#.###.#####)#.#
.#......[#..#####.#.....(((.).###
............# ##.)#############..
.#..(>...#..# #...)...(....#.####


You could see an orc warrior and an orc.

Vanquished Creatures
  A sky beast (D:5)
  A phantom (D:6)
  An ogre (D:5)
  4 centaurs
  3 howler monkeys
  A centaur zombie (D:3)
  3 hounds
  An orc priest (D:6)
  2 centaur skeletons
  A worker ant (D:4)
  An orc wizard (D:6)
  A killer bee zombie (D:5)
  A hound skeleton (D:6)
  A worker ant zombie (D:6)
  8 adders
  A shadow imp (D:6)
  2 ufetubi
  2 oozes
  3 worms (D:3)
  4 dart slugs
  4 leopard geckos
  9 orcs
  3 ball pythons (D:1)
  4 giant cockroaches
  6 hobgoblins
  7 jackals
  16 kobolds
  2 quokkas (D:3)
  10 bats
  3 frilled lizards
  5 goblins
  4 rats
115 creatures vanquished.

Vanquished Creatures (others)
  A bat (D:2)
1 creature vanquished.

Grand Total: 116 creatures vanquished

Notes
Turn   | Place    | Note
-------+----------+-------------------------------------------
     0 | Abyss:1  | RedPan the Palentonga Abyssal Knight began the quest for
                  | the Orb.
     0 | Abyss:1  | Reached XP level 1. HP: 19/19 MP: 2/2
   126 | Abyss:1  | Noticed a small abomination
   130 | Abyss:1  | Noticed a thrashing horror
   132 | D:1      | Escaped the Abyss
   491 | D:1      | Reached * piety under Lugonu
   527 | D:1      | Reached skill level 1 in Dodging
   565 | D:1      | Reached XP level 2. HP: 25/25 MP: 3/3
  1085 | D:1      | Reached XP level 3. HP: 31/31 MP: 3/5
  1415 | D:2      | Reached skill level 3 in Axes
  1573 | D:2      | Reached XP level 4. HP: 29/37 MP: 6/6
  1704 | D:2      | Reached ** piety under Lugonu
  1892 | D:2      | You fall into a shaft and drop 1 floor!
  1892 | D:3      | Found an iron altar of Okawaru.
  2314 | D:2      | Found a white marble altar of Elyvilon.
  2498 | D:2      | Found a sparkling altar of Nemelex Xobeh.
  3213 | D:3      | Reached skill level 4 in Axes
  3213 | D:3      | Reached XP level 5. HP: 19/43 MP: 7/7
  4346 | D:3      | Reached *** piety under Lugonu
  4531 | D:4      | Found an ancient bone altar of Kikubaaqudgha.
  5158 | D:4      | Reached skill level 5 in Axes
  5158 | D:4      | Reached XP level 6. HP: 32/50 MP: 9/9
  5654 | D:5      | Entered Level 5 of the Dungeon
  5682 | D:5      | Noticed a sky beast
  5700 | D:5      | Killed a sky beast
  5917 | D:5      | Reached skill level 6 in Axes
  5917 | D:5      | Reached XP level 7. HP: 26/55 MP: 10/10
  6145 | D:5      | Found Mevoud's Antique Armour Shop.
  6625 | D:6      | Found a shadowy altar of Dithmenos.
  6795 | D:6      | Found a staircase to the Ecumenical Temple.
  6871 | D:6      | Reached skill level 7 in Axes
  7245 | D:6      | Reached XP level 8. HP: 59/62 MP: 11/11
  7260 | D:6      | Found a shimmering blue altar of Sif Muna.
  7358 | D:6      | Reached skill level 5 in Invocations
  7658 | D:6      | Mangled by an orc warrior

Illustrated notes

Levels and vault maps discovered:
D:1:      minmay_arrival_four_circles, layout_loops_ring, serial_glass,
          glass_columns_a, glass_columns_b
D:2:      layout_basic, elyvilon_altar_4, nemelex_altar_shiori
D:3:      wad_river_or_something, layout_loops_ring, okawaru_metal_pillars_1_2
D:4:      layout_gridville, kiku_gazebo_garden_becter, grunt_ministairs_5
D:5:      layout_rooms, serial_shops, shop
D:6:      mumra_celtic_spiral_tile, layout_rooms, marbit_many_paths,
          lemuel_coloured_pillars_altar, minmay_temple_entry_glass,
          glass_columns_b, nicolae_dithmenos_the_darkroom

Skill      XL: |  1  2  3  4  5  6  7  8 |
---------------+-------------------------+-----
Dodging        | 1 |  1.0
Axes           | 3 4 5 6 7 |  7.7
Invocations    | 3 4 5 |  5.1
Armour         | 2 3 |  3.9
Fighting       | |  3.4

Action                   |  1- 3 |  4- 6 |  7- 9 || total
-------------------------+-------+-------+-------++-------
Melee: Hand axe          |    74 |   204 |   139 ||   417
       Tailslap          |     3 |    20 |    19 ||    42
Invok: Depart the Abyss  |     1 |       |       ||     1
       Bend Space        |       |     1 |     3 ||     4
 Abil: Rolling Charge    |    12 |     8 |     5 ||    25
  Use: Scroll            |     5 |     6 |     6 ||    17
       Potion            |       |       |     2 ||     2
Armor: Leather armour    |    14 |       |       ||    14
       Chain mail        |    19 |   108 |       ||   127
       Plate armour      |       |    49 |    95 ||   144
Dodge: Dodged            |    35 |    53 |    19 ||   107

Table legend: (Time is in decaauts)
 A = Elapsed time spent in this place.
 B = Non-inter-level travel time spent in this place.
 C = Inter-level travel time spent in this place.
 D = Time resting spent in this place.
 E = Time spent auto-exploring this place.
 F = Levels seen in this place.
 G = Mean time per level.
                   A        B        C        D        E       F      G
               +--------+--------+--------+--------+--------+-----+--------+
         Total |   7686 |   7538 |    148 |   3022 |   3601 |   7 | 1098.0 |
       Dungeon |   7554 |   7406 |    148 |   3022 |   3477 |   6 | 1259.0 |
         Abyss |    132 |    132 |      0 |      0 |    124 |   1 |  132.0 |
               +--------+--------+--------+--------+--------+-----+--------+
